Map: Oceanborn LE

Players

ZoRoTheZerG - Winner!

  • Race: Zerg Zerg
  • League: Master
  • Spawn Location: 11:00

beekeeper

  • Race: Terran Terran
  • Spawn Location: 5:00

VOD

Have the link to the VOD?

Description

Time

  • Played on: Oct. 23, 2024, 9:21 p.m.
  • Length: 5:46
Show
View Real Time Build Order
Export as new Build Order

ZoRoTheZerG Zerg - Winner!

Build Orders: Hatch First 

Get SALT Encoding   

  12  0:00  Drone  
  13  0:12  Overlord  
  13  0:17  Drone  
  14  0:30  Drone x2  
  16  0:49  Hatchery  
  15  0:51  Drone  
  15  0:55  Drone  
  17  0:58  Drone  
  18  1:09  Extractor  
  17  1:13  Spawning Pool  
  17  1:17  Drone  
  17  1:20  Drone  
  18  1:28  Drone  
  20  1:40  Drone  
  20  1:49  Overlord  
  20  2:00  Queen x2  
  24  2:03  Zergling x4  
  26  2:13  Drone  
  27  2:20  Hatchery  
  27  2:22  Drone  
  27  2:29  Drone x2  
  29  2:37  Queen  
  29  2:42  Overlord  
  31  2:46  Metabolic Boost  
  31  2:50  Drone  
  32  2:51  Drone  
  32  2:54  Drone  
  32  2:56  Drone  
  35  2:58  Drone  
  35  3:04  Drone  
  35  3:05  Drone  
  38  3:09  Drone  
  38  3:10  Drone x2  
  41  3:13  Extractor  
  41  3:16  Drone  
  42  3:27  Roach Warren, Drone x2  
  42  3:41  Overlord x3  
  42  3:42  Overlord  
  42  4:07  Roach x9  
  60  4:11  Roach  
  60  4:12  Roach  
  60  4:14  Roach  
  66  4:19  Roach  
  66  4:21  Overlord  
  68  4:24  Zergling x4  
  68  4:26  Zergling x2  
  68  4:29  Roach  
  73  4:32  Overlord  
  73  4:34  Zergling x2  
  74  4:40  Zergling x2  
  74  4:41  Zergling x6  
  74  4:43  Zergling x2  
  74  4:45  Zergling x2  
  78  4:52  Zergling x8  
  82  4:55  Ravager  
  82  4:56  Ravager  
  82  4:57  Zergling x2  
  82  4:58  Zergling x2  
  85  5:05  Zergling x4  
  86  5:10  Zergling x2  
  82  5:21  Zergling x2  
  82  5:22  Zergling x18  
  87  5:28  Zergling x2  
Show
View Real Time Build Order
Export as new Build Order

beekeeper Terran 

Build Orders: Reaper Expand 

Get SALT Encoding   

  12  0:00  SCV  
  13  0:12  SCV  
  14  0:16  Supply Depot  
  14  0:24  SCV  
  15  0:38  SCV, Barracks  
  16  0:43  Refinery  
  16  0:50  SCV  
  17  1:02  SCV  
  18  1:14  SCV  
  19  1:26  Orbital Command  
  19  1:27  Reaper  
  20  1:42  Command Center  
  20  1:52  Supply Depot  
  20  1:53  SCV  
  21  1:59  Marine  
  22  2:07  Factory  
  22  2:09  SCV  
  23  2:21  SCV, Barracks Reactor  
  24  2:33  SCV  
  25  2:45  SCV  
  26  2:55  Orbital Command  
  26  2:57  SCV  
  26  2:58  Starport  
  27  3:04  Barracks  
  27  3:05  Refinery  
  27  3:09  SCV  
  27  3:10  Hellion x2  
  32  3:12  Barracks Tech Lab  
  32  3:21  SCV  
  32  3:23  SCV  
  33  3:33  SCV  
  34  3:34  Marine  
  34  3:36  Hellion x2  
  34  3:37  Viking  
  34  3:38  SCV  
  42  3:48  SCV  
  43  3:52  SCV  
  43  3:53  Supply Depot  
  43  3:54  Stimpack, Supply Depot  
  44  3:58  Hellion  
  46  4:06  Barracks Reactor  
  46  4:07  Hellion, SCV  
  46  4:08  SCV  
  50  4:19  SCV, Engineering Bay  
  50  4:20  Engineering Bay  
  50  4:22  SCV, Marine  
  53  4:31  SCV  
  53  4:32  Hellion x2  
  58  4:39  SCV  
  59  4:47  Starport Tech Lab  
  59  4:49  Marine x3  
  59  4:50  SCV  
  63  4:54  SCV  
  64  5:05  Factory Tech Lab  
  67  5:12  Marine x2  
  63  5:15  Marine  
  51  5:22  SCV  
Tags
 
Add a new tag
Caveats
  • Supply blocks, unpowered buildings, or Contaminate may cause inaccurate times.
  • Supply counts are checked every 10 seconds.